 Dungeon Crawl Stone Soup version 0.18.1-48-g4cf74bf (webtiles) character file.

27055 dearth the Severer (level 13, -9/116 HPs)
             Began as a Hill Orc Fighter on Aug 5, 2016.
             Was a High Priest of Okawaru.
             Mangled by a titanic slime creature (64 damage)
             ... on level 13 of the Dungeon.
             The game lasted 00:54:14 (16180 turns).

dearth the Severer (Hill Orc Fighter)              Turns: 16180, Time: 00:54:14

Health: -9/116     AC: 17    Str: 30    XL:     13   Next: 30%
Magic:  0/19       EV:  9    Int: 11    God:    Okawaru [*****.]
Gold:   810        SH: 13    Dex: 13    Spells: 0 memorised, 12 levels left

rFire  . . .     SeeInvis .     y - +6 war axe "Opyiqado" {chop, rC+ MR- Str+2 Stlth+}
rCold  + . .     Gourm    .     b - +0 scale mail
rNeg   . . .     Faith    .     c - +0 shield
rPois  .         Spirit   +     u - +2 helmet {Int+3}
rElec  .         Dismiss  .     r - +1 cloak
rCorr  .         Reflect  .     x - +1 pair of gloves
SustAt .         Harm     .     (no boots)
MR     .....                    C - amulet of guardian spirit
Stlth  +.........               l - +5 ring of strength
                                i - +2 ring of dexterity

@: not resistant to hostile enchantments, very unstealthy
A: mutation resistance 1
a: Heroism, Finesse, Renounce Religion


You were on level 13 of the Dungeon.
You worshipped Okawaru.
Okawaru was extremely pleased with you.
You were not hungry.

You visited 2 branches of the dungeon, and saw 14 of its levels.

You collected 810 gold pieces.

Inventory:

Hand Weapons
 y - the +6 war axe "Opyiqado" (weapon) {chop, rC+ MR- Str+2 Stlth+}
   (You found it on level 7 of the Dungeon)

   It inflicts extra damage upon your enemies.
   It affects your strength (+2).
   It protects you from cold.
   It affects your resistance to hostile enchantments.
   It makes you more stealthy.
Armour
 b - a +0 scale mail (worn)
 c - a +0 shield (worn)
 r - a +1 cloak (worn)
 u - a +2 helmet of intelligence (worn)
 x - a +1 pair of gloves (worn)
Jewellery
 i - a +2 ring of dexterity (left hand)
 l - a +5 ring of strength (right hand)
 z - an uncursed amulet of dismissal
 C - an amulet of guardian spirit (around neck)
 G - an uncursed ring of flight
Wands
 m - a wand of flame (27/48)
 o - a wand of paralysis (6/24)
 t - a wand of slowing (30/48)
 w - a wand of disintegration (1/24)
 A - a wand of lightning (0/15)
 B - a wand of polymorph (14/24)
 E - a wand of teleportation (9/9)
 I - a wand of slowing (19/48)
Scrolls
 g - 15 scrolls of identify
 h - 3 scrolls of remove curse
 j - 5 scrolls of enchant weapon
 n - a scroll of amnesia
 p - a scroll of magic mapping
 s - 6 scrolls of fear
 D - a scroll of teleportation
 H - 2 scrolls of blinking {unknown}
 K - 2 scrolls of enchant armour {unknown}
Potions
 a - a potion of magic
 d - 6 potions of curing
 e - a potion of haste
 q - 2 potions of brilliance
 F - 2 potions of flight
Books
 v - a book of Minor Magic

   Spells                             Type                      Level
   a - Magic Dart                     Conjuration                  1
   b - Blink                          Translocation                2
   c - Call Imp                       Summoning                    2
   d - Repel Missiles                 Charms/Air                   2
   e - Slow                           Hexes                        2
   f - Conjure Flame                  Conjuration/Fire             3
   g - Mephitic Cloud                 Conjuration/Poison/Air       3
Comestibles
 f - 6 bread rations
 k - 6 meat rations


   Skills:
 + Level 11.3 Fighting
 * Level 16.0 Axes
 + Level 10.6 Armour
 + Level 10.9 Shields
 + Level 8.5 Evocations


You had 12 spell levels left.
You didn't know any spells.

Dungeon Overview and Level Annotations

Branches:
Dungeon (13/15)            Temple (1/1) D:6            Lair (0/8) D:10
    Orc (0/2) D:9
 Vaults: D:13-14

Altars:
Ashenzari
Cheibriados
Dithmenos
Elyvilon
Fedhas
Gozag
Kikubaaqudgha
Makhleb
Nemelex Xobeh
Okawaru
Pakellas
Qazlal
Ru
Sif Muna
Trog
Vehumet
Xom
Yredelemnul
Zin
The Shining One
Beogh

Shops:
D:5 *   D:10 =[[::

Annotations:
D:7 4 runed doors
D:11 exclusion: orange crystal statue


Innate Abilities, Weirdness & Mutations

You are somewhat resistant to further mutation.


Message History

The titanic slime creature is moderately wounded.
The titanic slime creature barely misses you.
You slice the titanic slime creature!!
The titanic slime creature is heavily wounded.
You barely miss the titanic slime creature.
The titanic slime creature is heavily wounded.
You block the titanic slime creature's attack.
You slice the titanic slime creature!!
The titanic slime creature is heavily wounded.
The titanic slime creature hits you!!!
You slice the titanic slime creature!!
The titanic slime creature is heavily wounded.
You slash the titanic slime creature!
The titanic slime creature is severely wounded.
You block the titanic slime creature's attack.
You slice the titanic slime creature!!
The titanic slime creature is severely wounded.
The titanic slime creature hits you!!!!
Ouch! That really hurt!
You die...

.........######.....#
.........'....#.....#
.........####.#.....#
.........# #.'....(#
######'### ###.....#
#.# #.....# ##.#
###'### #..# #..#
#.## #@## ##.# #J# ##
#.<# ... .###.##
#.... ...#.#######
#....# ##..........
+?...# ###.#######
#....# #..# #....#
#.##


You could see a titanic slime creature.

Vanquished Creatures
  A hydra (D:12)
  A centaur warrior (D:13)
  Sonja (D:10)
  An unseen horror (D:13)
  A wolf spider zombie (D:13)
  A deep elf mage (D:12)
  2 hill giants
  2 griffons (D:13)
  2 orc knights
  An ugly thing (D:12)
  An orc sorcerer (D:10)
  A manticore (D:13)
  Maurice (D:8)
  A cyclops (D:11)
  Psyche (D:11)
  3 centaur zombies
  2 centaur skeletons
  A gargoyle (D:10)
  An efreet (D:13)
  A merfolk (D:9)
  The ghost of dearth the Chopper, an amateur HOFi (D:4)
  A two-headed ogre (D:8)
  2 trolls
  Grinder (D:3)
  10 slime creatures
  Sigmund (D:5)
  10 yaks (D:10)
  The ghost of senseless the Skirmisher, an amateur HOFi (D:3)
  Eustachio (D:5)
  4 hungry ghosts
  Menkaure (D:4)
  2 hippogriffs
  14 wargs (D:10)
  2 mottled dragons (D:13)
  A soldier ant (D:13)
  5 porcupines (D:10)
  A sky beast (D:7)
  18 orc warriors
  2 black bears
  A phantom (D:13)
  3 ice beasts
  8 necrophages
  6 ogres
  5 centaurs
  3 crocodiles
  3 big kobolds
  A wyvern zombie (D:13)
  5 giant frogs
  A water moccasin zombie (D:11)
  A water moccasin skeleton (D:7)
  5 scorpions
  A wyvern skeleton (D:13)
  17 killer bees
  16 wights
  4 howler monkeys (D:12)
  7 crimson imps
  4 jellies
  10 hounds
  A giant frog zombie (D:12)
  10 orc priests
  10 orc wizards
  Ijyb (D:3)
  Natasha (twice) (D:3)
  An iguana (D:9)
  8 worker ants
  A hound zombie (D:7)
  A hound skeleton (D:4)
  2 mummies (D:12)
  Robin (D:4)
  2 worker ant zombies
  11 adders
  4 gnolls (D:4)
  6 river rats (D:10)
  3 shadow imps
  An ooze (D:5)
  An adder zombie (D:5)
  An adder skeleton (D:9)
  4 worms
  2 dart slugs (D:1)
  8 giant geckos
  70 orcs
  5 giant cockroaches
  15 goblins
  10 hobgoblins
  17 jackals
  20 kobolds
  3 quokkas
  9 bats
  4 giant newts
  2 quokka skeletons
  6 rats
  10 fungi (D:3)
  A plant (D:10)
458 creatures vanquished.

Notes
Turn   | Place    | Note
--------------------------------------------------------------
     0 | D:1      | dearth the Hill Orc Fighter began the quest for the Orb.
     0 | D:1      | Reached XP level 1. HP: 19/19 MP: 1/1
   557 | D:1      | Reached skill level 3 in Axes
   557 | D:1      | Reached XP level 2. HP: 20/27 MP: 2/2
   837 | D:1      | Reached XP level 3. HP: 33/33 MP: 3/3
  1362 | D:2      | Reached XP level 4. HP: 40/40 MP: 4/4
  1593 | D:2      | Found a deep blue altar of Sif Muna.
  1994 | D:2      | Found a white marble altar of Elyvilon.
  2356 | D:3      | Noticed senseless's ghost (amateur HOFi)
  2369 | D:3      | Killed senseless's ghost
  2369 | D:3      | Reached skill level 5 in Axes
  2369 | D:3      | Reached XP level 5. HP: 37/47 MP: 5/5
  2369 | D:3      | Reached XP level 6. HP: 42/53 MP: 6/6
  2475 | D:3      | Noticed Grinder
  2489 | D:3      | Paralysed by Grinder for 6 turns
  2831 | D:3      | Killed Grinder
  2831 | D:3      | Reached skill level 5 in Fighting
  2831 | D:3      | Reached skill level 6 in Axes
  2831 | D:3      | Reached skill level 5 in Armour
  2930 | D:3      | Noticed Ijyb
  2951 | D:3      | Killed Ijyb
  2951 | D:3      | Reached XP level 7. HP: 61/61 MP: 7/7
  2979 | D:3      | Found an oddly glowing altar of Pakellas.
  3063 | D:3      | Noticed Natasha
  3070 | D:3      | Killed Natasha
  3115 | D:3      | Found a radiant altar of Vehumet.
  3260 | D:3      | Noticed Natasha
  3276 | D:3      | Killed Natasha
  3649 | D:4      | Noticed Robin
  3660 | D:4      | Killed Robin
  3660 | D:4      | Reached skill level 5 in Shields
  3889 | D:4      | Noticed dearth's ghost (amateur HOFi)
  3907 | D:4      | Killed dearth's ghost
  3907 | D:4      | Reached skill level 7 in Axes
  3911 | D:4      | Noticed Menkaure
  3918 | D:4      | Killed Menkaure
  3918 | D:4      | Reached XP level 8. HP: 19/70 MP: 8/8
  4211 | D:4      | Reached skill level 1 in Evocations
  4316 | D:4      | Reached skill level 8 in Axes
  4536 | D:4      | Found a sacrificial altar of Ru.
  5116 | D:5      | Entered Level 5 of the Dungeon
  5278 | D:5      | Found Soatopo's Assorted Antiques.
  5280 | D:5      | Noticed Sigmund
  5291 | D:5      | Killed Sigmund
  5513 | D:5      | Reached skill level 9 in Axes
  5547 | D:5      | Reached XP level 9. HP: 57/79 MP: 5/11
  5660 | D:5      | Found an oddly glowing altar of Pakellas.
  5663 | D:5      | Noticed Eustachio
  5687 | D:5      | Killed Eustachio
  6273 | D:6      | Found a staircase to the Ecumenical Temple.
  6284 | Temple   | Entered the Ecumenical Temple
  6524 | D:6      | Reached skill level 10 in Axes
  7591 | D:7      | Got a pitted war axe
  7597 | D:7      | Identified the +6 war axe "Opyiqado" {chop, rC+ MR- Str+2 Stlth+} (You found it on level 7 of the Dungeon)
  7622 | D:7      | Found a huge runed gate.
  7622 | D:7      | Found a huge runed gate.
  7622 | D:7      | Found a huge runed gate.
  7622 | D:7      | Noticed a polar bear
  7622 | D:7      | Noticed a polar bear
  7622 | D:7      | Noticed a polar bear
  7623 | D:7      | Found a huge runed gate.
  7623 | D:7      | Noticed a polar bear
  7623 | D:7      | Noticed a griffon
  7623 | D:7      | Noticed a polar bear
  7623 | D:7      | Noticed a polar bear
  7624 | D:7      | Noticed a polar bear
  7625 | D:7      | Noticed a griffon
  8124 | D:8      | Noticed a two-headed ogre
  8126 | D:8      | Noticed Maurice
  8133 | D:8      | Killed a two-headed ogre
  8133 | D:8      | Reached skill level 11 in Axes
  8133 | D:8      | Reached XP level 10. HP: 67/88 MP: 9/13
  8198 | D:8      | Killed Maurice
  8291 | D:7      | Gained mutation: You are somewhat resistant to further mutation. [potion of mutation]
  8858 | D:8      | Found a snail-covered altar of Cheibriados.
  9650 | D:9      | Reached skill level 5 in Evocations
  9671 | D:9      | Found a staircase to the Orcish Mines.
  9803 | D:9      | Reached skill level 12 in Axes
 10039 | D:9      | Found a glowing silver altar of Zin.
 10043 | D:9      | Found an iron altar of Okawaru.
 10073 | D:9      | Became a worshipper of Warmaster Okawaru
 10553 | D:10     | Entered Level 10 of the Dungeon
 10618 | D:10     | Reached * piety under Okawaru
 10621 | D:10     | Reached XP level 11. HP: 67/97 MP: 11/15
 10763 | D:10     | Found a staircase to the Lair.
 10773 | D:10     | Reached ** piety under Okawaru
 10776 | D:10     | Reached skill level 13 in Axes
 11256 | D:10     | Noticed an orc knight
 11271 | D:10     | Killed an orc knight
 11271 | D:10     | Reached *** piety under Okawaru
 11295 | D:10     | Noticed an orc sorcerer
 11304 | D:10     | Killed an orc sorcerer
 11673 | D:10     | Found Zurar's Book Emporium.
 11780 | D:10     | Found Ilud's Jewellery Shop.
 11788 | D:10     | Found Ysamn's Antique Armour Boutique.
 11960 | D:10     | Found Xemogoum's Book Shop.
 12024 | D:10     | Reached skill level 10 in Fighting
 12074 | D:10     | Noticed Sonja
 12076 | D:10     | Killed Sonja
 12076 | D:10     | Reached **** piety under Okawaru
 12076 | D:10     | Reached skill level 14 in Axes
 12080 | D:10     | Noticed a hill giant
 12086 | D:10     | Killed a hill giant
 12086 | D:10     | Reached XP level 12. HP: 86/106 MP: 14/17
 12099 | D:10     | Found Duoclac's Armour Boutique.
 12461 | D:11     | Noticed Psyche
 12467 | D:11     | Killed Psyche
 13002 | D:12     | Noticed a six-headed hydra
 13020 | D:12     | Killed a 17-headed hydra
 13438 | D:12     | Reached ***** piety under Okawaru
 13473 | D:12     | Reached skill level 10 in Shields
 13609 | D:12     | Reached skill level 15 in Axes
 13806 | D:12     | Found a frozen archway.
 14085 | D:12     | Reached skill level 10 in Armour
 14121 | D:12     | Found an ancient bone altar of Kikubaaqudgha.
 14439 | D:13     | Noticed a centaur warrior
 14444 | D:13     | Received a gift from Okawaru
 14456 | D:13     | Killed a centaur warrior
 14727 | D:13     | Reached XP level 13. HP: 114/114 MP: 19/19
 15170 | D:13     | Got a steaming shield {god gift}
 15181 | D:13     | Identified the +0 shield of the Sky {rPois rF- Stlth+} (Okawaru gifted it to you on level 13 of the Dungeon)
 15705 | D:13     | Found a roughly hewn altar of Beogh.
 15882 | D:13     | Reached skill level 16 in Axes
 16180 | D:13     | Mangled by a titanic slime creature

Skill      XL: |  1  2  3  4  5  6  7  8  9 10 11 12 13 |
---------------+----------------------------------------+-----
Axes           | 3 5 6 7 9 11 12 14 15 16 | 16.0
Fighting       | 4 5 7 8 9 10 11 | 11.3
Armour         | 4 5 6 7 8 9 10 | 10.6
Shields        | 4 5 6 7 8 9 10 | 10.9
Evocations     | 2 4 5 6 8 |  8.5

Action                   |  1- 3 |  4- 6 |  7- 9 | 10-12 | 13-15 || total
-------------------------+-------+-------+-------+-------+-------++-------
Melee: War axe           |   125 |   132 |   381 |   645 |   157 ||  1440
Invok: Heroism           |       |       |       |     2 |     1 ||     3
       Finesse           |       |       |       |       |     1 ||     1
Evoke: Wand              |       |       |       |    12 |       ||    12
  Use: Potion            |       |     2 |     1 |    12 |     1 ||    16
       Scroll            |       |       |    10 |     1 |     1 ||    12
 Stab: Paralysed         |       |       |     2 |       |       ||     2
  Eat: Chunk             |     1 |     5 |    11 |    12 |       ||    29
       Royal jelly       |       |       |     2 |       |     1 ||     3
       Pizza             |       |       |     2 |       |       ||     2
       Meat ration       |       |       |       |     1 |       ||     1
       Bread ration      |       |       |       |     2 |     1 ||     3
       Beef jerky        |       |       |       |       |     1 ||     1
Armor: Scale mail        |    72 |    40 |   126 |   181 |    32 ||   451
       Plate armour      |       |       |     7 |       |       ||     7
Dodge: Dodged            |    54 |    38 |   137 |   150 |    28 ||   407
Block: Shield            |    70 |    59 |   237 |   353 |    67 ||   786
